 Dungeon Crawl Stone Soup version 0.29-a0-770-g2e8140cf71 (webtiles) character file.

Game seed: 15724083088348971181

62 PentaManta the Sneak (level 4, -1/26 HPs)
             Began as a Kobold Brigand on July 1, 2022.
             Slain by an orc
             ... wielding a +0 vorpal mace
              (5 damage)
             ... on level 3 of the Dungeon.
             The game lasted 00:04:25 (1965 turns).

PentaManta the Sneak (Kobold Brigand)               Turns: 1965, Time: 00:04:25

Health: -1/26      AC:  4    Str:  8    XL:     4   Next: 28%
Magic:  4/4        EV: 15    Int: 12    God:
Gold:   69         SH:  0    Dex: 18    Spells: 3/3 levels left

rFire   . . .      SeeInvis .   k - +0 short sword
rCold   + . .      Faith    .   (no shield)
rNeg    + . .      Spirit   .   b - +0 robe
rPois   .          Reflect  .   (no helmet)
rElec   .          Harm     .   c - +0 cloak
rCorr   .          Rampage  .   (no gloves)
Will    .....                   h - +0 pair of boots
Stlth   ++++......              (no amulet)
HPRegen 0.08/turn               v - ring of protection from cold
MPRegen 0.09/turn               u - ring of positive energy

@: no status effects
A: small, no large weapons, nightstalker 3
a: no special abilities


You were on level 3 of the Dungeon.
You visited 1 branch of the dungeon, and saw 3 of its levels.

You collected 69 gold pieces.

Inventory:

Hand Weapons
 a - a +2 dagger
 f - a +0 whip of venom
 k - a +0 short sword (weapon)
Missiles
 d - 21 poisoned darts (quivered)
 e - 3 curare-tipped darts
Armour
 b - a +0 robe (worn)
 c - a +0 cloak (worn)
 h - a +0 pair of boots (worn)
Jewellery
 o - a ring of ice
 u - a ring of positive energy (right hand)
 v - a ring of protection from cold (left hand)
Scrolls
 i - 2 scrolls of identify {unknown}
 j - a scroll of silence {unknown}
 p - a scroll of vulnerability {unknown}
 r - a scroll of noise {unknown}
Potions
 g - 2 potions of degeneration {unknown}
 l - a potion of magic {unknown}
 m - a potion of attraction {unknown}
 n - a potion of heal wounds {unknown}
 q - a potion of mutation {unknown}
 s - a potion of flight {unknown}
 t - a potion of might {unknown}


   Skills:
 - Level 2.1 Fighting
 - Level 3.6 Short Blades
 - Level 2.1 Throwing
 + Level 2.9 Dodging
 * Level 6.3 Stealth


You had 3 spell levels left.
You didn't know any spells.
Your spell library contained the following spells:

 Spells                   Type           Power      Damage    Failure   Level
 Freeze                   Ice            0%         1d3       32%         1
 Call Canine Familiar     Summ           0%         N/A       69%         3
 Frozen Ramparts          Ice            0%         1d2       69%         3
 Portal Projectile        Hex/Tloc       0%         N/A       69%         3
 Hailstorm                Conj/Ice       0%         3d3       97%         4
 Ice Form                 Ice/Tmut       0%         N/A       97%         4
 Leda's Liquefaction      Hex/Erth       0%         N/A       97%         4
 Simulacrum               Ice/Necr       0%         N/A       100%        6


Dungeon Overview and Level Annotations

Branches:
Dungeon (3/15)

Altars:

Shops:
D:1 :


Innate Abilities, Weirdness & Mutations

You are small and have problems with some larger weapons.
You are completely attuned to the shadows.


Message History

You kill the hobgoblin!
No target in view!
Found 5 stones.
You see here a hobgoblin corpse.
You see here 5 stones.
Found a stone staircase leading down.
Found an escape hatch in the ceiling.
You now have 62 gold pieces (gained 14).
u - a ring of positive energy
v - a ring of protection from cold
v - a ring of protection from cold (left hand)
u - a ring of positive energy (right hand)
You now have 69 gold pieces (gained 7).
Found a stone staircase leading down.
There is a stone staircase leading down here.
Done exploring.
Done exploring.
There is an escape hatch in the ceiling here.
There is a stone staircase leading down here.
You climb downwards.
Found a black potion.
There is a stone staircase leading up here.
The helpless orc fails to defend itself.
You puncture the orc!
You kill the orc!
An orc comes into view. It is wielding a +0 vorpal mace.
Found a scroll labelled OMITUS NAUNI.
Things that are here:
a +0 dagger; a +0 chain mail An orc is nearby!
An orc and an orc wizard come into view.
The orc wizard shouts!
The orc shouts!
The orc wizard casts a spell at you. The puff of flame hits you.
The orc shouts!
The orc attacks as you move away! The orc hits you with a +0 vorpal mace.
The orc attacks as you move away! The orc hits you with a +0 vorpal mace.
* * * LOW HITPOINT WARNING * * *
x2 The orc attacks as you move away!
The orc hits you with a +0 vorpal mace.
You die...

.. .#
...#...##.#.# .
....^...#.#.#..
........#......
.....o..#.<....
..?..oo@..#.!..
####........#..
##.)..##.# .
###### ... ..


You could see an orc wizard and 2 orcs.

Vanquished Creatures
  An adder (D:2)
  2 dart slugs (D:1)
  An orc (D:3)
  5 endoplasms
  2 giant cockroaches (D:1)
  A goblin (D:1)
  6 hobgoblins
  A jackal (D:1)
  3 quokkas (D:1)
  4 ball pythons
  4 bats
  3 frilled lizards (D:1)
  5 kobolds (D:1)
  8 rats
46 creatures vanquished.

Notes
Turn   | Place    | Note
-------+----------+-------------------------------------------
     0 | D:1      | PentaManta the Kobold Brigand began the quest for the Orb.
     0 | D:1      | Reached XP level 1. HP: 12/12 MP: 1/1
    33 | D:1      | Found Ziasy's Book Shop.
    44 | D:1      | Reached XP level 2. HP: 17/17 MP: 2/2
   263 | D:1      | Reached XP level 3. HP: 13/21 MP: 3/3
   586 | D:1      | Found a faded altar of an unknown god.
  1330 | D:2      | Reached skill level 6 in Stealth
  1379 | D:2      | Reached XP level 4. HP: 26/26 MP: 4/4
  1423 | D:2      | Identified the +3 scale mail "Qaffutto" {Stlth+}
  1965 | D:3      | Slain by an orc

Illustrated notes

Levels and vault maps discovered:
D:1:      dpeg_arrival_court, layout_loops_ring, serial_shops, shop,
          basic_ecumenical_altar, st_stairs_3
D:2:      layout_loops_ring
D:3:      layout_rooms, mainiacjoe_overflow_brackets, fedhas_altar_3,
          mainiacjoe_overflow_paths

Skill      XL: |  1  2  3 |
---------------+----------+-----
Short Blades   | 3 |  3.6
Dodging        | 2 |  2.9
Stealth        | 6 |  6.3
Fighting       | |  2.1
Throwing       | |  2.1

Action                   |  1- 3 |  4- 6 || total
-------------------------+-------+-------++-------
Melee: Dagger            |    89 |       ||    89
       Short sword       |     8 |    36 ||    44
 Stab: Sleeping          |    18 |     5 ||    23
Armor: Robe              |    20 |     8 ||    28
Dodge: Dodged            |    46 |    31 ||    77

Table legend: (Time is in decaauts)
 A = Elapsed time spent in this place.
 B = Non-inter-level travel time spent in this place.
 C = Inter-level travel time spent in this place.
 D = Time resting spent in this place.
 E = Time spent auto-exploring this place.
 F = Levels seen in this place.
 G = Mean time per level.
                   A        B        C        D        E       F      G
               +--------+--------+--------+--------+--------+-----+--------+
         Total |   1944 |   1895 |     49 |    154 |   1374 |   3 |  648.0 |
       Dungeon |   1944 |   1895 |     49 |    154 |   1374 |   3 |  648.0 |
               +--------+--------+--------+--------+--------+-----+--------+

Top non-repeatable levels by time:
     D:1: 1201 daAuts
     D:2: 732 daAuts
     D:3: 10 daAuts
